 Dungeon Crawl Stone Soup version 0.29.1-13-g9f3cf754e1 (webtiles) character file.

Game seed: 14766216197241647672

115 booth the Chiller (level 4, -9/35 HPs)
             Began as a Draconian Ice Elementalist on Feb 8, 2023.
             Killed from afar by Ijyb (18 damage)
             ... with an iceblast
             ... on level 3 of the Dungeon.
             The game lasted 00:23:20 (2380 turns).

booth the Chiller (Draconian Ice Elementalist)      Turns: 2380, Time: 00:23:20

Health: -9/35      AC:  5    Str: 10    XL:     4   Next: 68%
Magic:  2/8        EV: 12    Int: 17    God:
Gold:   22         SH:  0    Dex: 12    Spells: 2/9 levels left

rFire   . . .      SeeInvis +   b - +4 mace
rCold   . . .      Faith    .   (no shield)
rNeg    . . .      Spirit   .   (body armour unavailable)
rPois   .          Reflect  .   (helmet restricted)
rElec   .          Harm     .   (no cloak)
rCorr   .          Rampage  .   (no gloves)
Will    .....                   (no boots)
Stlth   ++........              (no amulet)
HPRegen 0.11/turn               o - ring of see invisible
MPRegen 0.11/turn               (no ring)

@: no status effects
A: AC +5, unfitting armour, cold-blooded
a: no special abilities


You were on level 3 of the Dungeon.
You visited 1 branch of the dungeon, and saw 3 of its levels.

You collected 22 gold pieces.

Inventory:

Hand Weapons
 b - a +4 mace (weapon)
 e - a +0 dagger
 j - a +0 hand axe
Missiles
 d - 39 stones
 k - 4 javelins
 p - 6 poisoned darts (quivered)
Jewellery
 o - a ring of see invisible (left hand)
Scrolls
 a - 2 scrolls of enchant weapon {unknown}
 c - a scroll of fear
Potions
 g - 2 potions of ambrosia
 i - a potion of lignification {unknown}
 m - a potion of mutation {unknown}
 r - a potion of curing


   Skills:
 * Level 1.3 Fighting
 * Level 1.0 Maces & Flails
 + Level 1.8 Dodging
 + Level 1.8 Stealth
 + Level 3.1 Spellcasting
 * Level 5.0 Ice Magic


You had 2 spell levels left.
You knew the following spells:

 Your Spells              Type           Power      Damage    Failure   Level
a - Freeze                Ice            76%        1d9       2%          1
b - Frozen Ramparts       Ice            38%        1d6       7%          3
c - Ozocubu's Armour      Ice            19%        N/A       7%          3

Your spell library contained the following spells:

 Spells                   Type           Power      Damage    Failure   Level
 Sting                    Tmut/Pois      8%         1d3       17%         1
 Poisonous Vapours        Pois/Air       4%         N/A       26%         2
 Ignite Poison            Fire/Tmut/Pois 2%         N/A       45%         3
 Mephitic Cloud           Conj/Pois/Air  2%         N/A       45%         3
 Summon Guardian Golem    Hex/Summ       2%         N/A       45%         3
 Hailstorm                Conj/Ice       11%        3d5       52%         4
 Corpse Rot               Necr/Pois/Air  2%         N/A       86%         4
 Dispel Undead            Necr           2%         3d7       86%         4
 Olgreb's Toxic Radiance  Pois           2%         N/A       86%         4
 Freezing Cloud           Conj/Ice/Air   4%         6-21      94%         5
 Death Channel            Necr           1%         N/A       100%        6
 Orb of Destruction       Conj           1%         9d5       100%        7
 Spellforged Servitor     Conj/Summ      1%         N/A       100%        7


Dungeon Overview and Level Annotations

Branches:
Dungeon (3/15)

Altars:
Xom

Shops:
D:1 (   D:3 [*(!

Annotations:
D:3 Ijyb


Innate Abilities, Weirdness & Mutations

Your plain brown scales are hard. (AC +5)
You cannot fit into any form of body armour.
You are cold-blooded and may be slowed by cold attacks.


Message History

You thump the orc priest!
You kill the orc priest!
The wall freezes Ijyb.
Ijyb hits you with a +0 dagger.
The wall freezes Ijyb but does no damage.
Ijyb hits you with a +0 dagger.
Your Maces & Flails skill increases to level 1!
Your Ice Magic skill increases to level 5!
You closely miss Ijyb.
Ijyb is moderately wounded.
The wall freezes Ijyb but does no damage.
Ijyb hits you with a +0 dagger.
You hit Ijyb but do no damage.
Ijyb is moderately wounded.
The gnoll hits you from afar with a +0 spear!
* * * LOW HITPOINT WARNING * * *
The wall freezes Ijyb but does no damage.
Ijyb closely misses you.
You hit Ijyb but do no damage.
Ijyb is moderately wounded.
The gnoll barely misses you.
The wall freezes Ijyb but does no damage.
Ijyb barely misses you.
The wall freezes Ijyb but does no damage.
Ijyb hits you but does no damage.
The gnoll hits you from afar with a +0 spear.
* * * LOW HITPOINT WARNING * * *
It was a potion of curing.
You feel better.
The frozen ramparts melt away.
The gnoll misses you. Ijyb hits you but does no damage.
Casting: Frozen Ramparts (dangerous; 7% risk of failure)
Confirm with . or Enter, or press ? or * to list all spells.
Aiming: Freeze (safe; 2% risk of failure)
Press: ? - help, Shift-Dir - straight line, f - Ijyb
Aim: Ijyb, wielding a +0 dagger, wearing a +0 scale mail and carrying a wand of iceblast (15) (moderately wounded)
You freeze Ijyb.
Ijyb is heavily wounded.
The gnoll barely misses you. Ijyb barely misses you.
Ijyb attacks as you move away! Ijyb misses you.
Ijyb zaps a wand.
The mass of ice explodes!
The iceblast engulfs you!!
Ouch! That really hurt!
You die...

#...........
#..........#
#..........#
#..........# #..).#
#######g### #.....)g..#
#.###...#.# #...@#.#
#...#.#.. #...#.####
..$..#.# #.....#.# #####
.....<#.#########...#
.... #..†.∩........+
........###.........####
....###.# ##.##8....#...


You could see Ijyb and a gnoll.

Vanquished Creatures
  An orc priest (D:3)
  Robin (D:3)
  A dart slug (D:2)
  3 orcs (D:3)
  7 ball pythons
  5 bats
  3 endoplasms
  4 giant cockroaches
  13 goblins
  7 hobgoblins
  6 kobolds
  A quokka (D:1)
  5 frilled lizards
  4 rats
61 creatures vanquished.

Notes
Turn   | Place    | Note
-------+----------+-------------------------------------------
     0 | D:1      | booth the Draconian Ice Elementalist began the quest for
                  | the Orb.
     0 | D:1      | Reached XP level 1. HP: 14/14 MP: 3/3
    21 | D:1      | Found Koiriamo's Antique Weapon Emporium.
    43 | D:1      | Found a faded altar of an unknown god.
   312 | D:1      | Reached XP level 2. HP: 20/20 MP: 3/5
   969 | D:2      | Reached XP level 3. HP: 24/26 MP: 3/6
   985 | D:2      | Found a shimmering altar of Xom.
  1059 | D:2      | Learned a level 3 spell: Frozen Ramparts
  1063 | D:2      | Learned a level 3 spell: Ozocubu's Armour
  2031 | D:3      | Found Qadu's Distillery.
  2039 | D:3      | Noticed Robin
  2058 | D:3      | Killed Robin
  2059 | D:3      | Reached skill level 1 in Fighting
  2059 | D:3      | Reached XP level 4. HP: 23/35 MP: 5/8
  2288 | D:3      | Found Povirigi's Weapon Boutique.
  2304 | D:3      | Found Gaantaf's Assorted Antiques.
  2339 | D:3      | Noticed Ijyb
  2340 | D:3      | Found Hoxitt's Antique Armour Emporium.
  2373 | D:3      | Reached skill level 1 in Maces & Flails
  2373 | D:3      | Reached skill level 5 in Ice Magic
  2380 | D:3      | Killed from afar by Ijyb

Illustrated notes

Levels and vault maps discovered:
D:1:      sevenhm_arrival_forest_fort_small_3, layout_basic, serial_shops,
          nicolae_shop_competitors_out_of_business,
          ebering_ecumenical_altar_rust, hangedman_decor_lopped
D:2:      layout_basic, basic_altar, amethyst_killhole, minivault_19
D:3:      layout_basic, general_overflow_altar, okawaru_metal_pillars_1_2,
          serial_shops, shop_statue, shop, shop, shop, shop, uniq_robin,
          uniq_terence, uniq_ijyb

Skill      XL: |  1  2  3  4 |
---------------+-------------+-----
Fighting       | 1 |  1.3
Spellcasting   | 3 |  3.1
Maces & Flails | 1 |  1.0
Ice Magic      | 5 |  5.0
Dodging        | |  1.8
Stealth        | |  1.8

Action                   |  1- 3 |  4- 6 || total
-------------------------+-------+-------++-------
Melee: Unarmed           |    14 |     4 ||    18
       Tailslap          |     4 |       ||     4
       Mace              |       |    12 ||    12
Throw: Stone             |     3 |       ||     3
 Cast: Freeze            |    62 |    10 ||    72
       Frozen Ramparts   |     1 |     1 ||     2
  Use: Scroll            |     5 |       ||     5
       Potion            |     2 |     1 ||     3
 Stab: Sleeping          |       |     1 ||     1
Armor: Skin              |    20 |     4 ||    24
Dodge: Dodged            |    30 |    17 ||    47
